 Dungeon Crawl Stone Soup version 0.21.1-1-g345015f (webtiles) character file.

210 prawnwizard the Insei (level 5, -1/33 HPs)
             Began as an Octopode Transmuter on July 22, 2018.
             Succumbed to an orc's poison
             ... on level 3 of the Dungeon.
             The game lasted 00:03:13 (3093 turns).

prawnwizard the Insei (Octopode Transmuter)         Turns: 3093, Time: 00:03:13

Health: -1/33      AC:  2    Str:  9    XL:     5   Next: 87%
Magic:  7/9        EV: 21    Int: 16    God:
Gold:   167        SH:  0    Dex: 18    Spells: 3/9 levels left

rFire    . . .     SeeInvis .     - Unarmed
rCold    . . .     Gourm    .   (shield currently unavailable)
rNeg     . . .     Faith    .   (helmet currently unavailable)
rPois    x         Spirit   .   d - amulet of rage
rElec    .         Reflect  .   (no ring)
rCorr    .         Harm     .   (no ring)
MR       .....                  (no ring)
Stlth    ++........             (no ring)
HPRegen  0.11/turn              (no ring)
MPRegen  0.11/turn              (no ring)
                                (no ring)
                                (no ring)

@: lethally poisoned (-1 -> -24), spider-form (expiring)
A: tiny, almost no armour, stealthy swim, (amphibious), 8 rings, (constrict 8)
a: End Transformation, Evoke Berserk Rage


You were on level 3 of the Dungeon.
You were hungry.
You were a venomous arachnid creature.
You visited 1 branch of the dungeon, and saw 3 of its levels.

You collected 167 gold pieces.

Inventory:

Missiles
 a - 33 arrows
Armour
 i - a +0 buckler
Jewellery
 d - an amulet of rage (around neck)
Wands
 l - a wand of disintegration (10)
 n - a wand of acid (7)
Scrolls
 e - a scroll of fear {unknown}
 g - 8 scrolls of identify {unknown}
 j - a scroll of remove curse {unknown}
 k - a scroll of teleportation {unknown}
 o - a scroll of enchant weapon {unknown}
Potions
 f - a potion of lignification {unknown}
 h - a potion of curing {unknown}
 m - a potion of haste {unknown}
Books
 b - a book of Changes

   Spells                             Type                      Level
   a - Beastly Appendage              Transmutation                1
   b - Sticks to Snakes               Transmutation                2
   c - Spider Form                    Transmutation/Poison         3
   d - Ice Form                       Ice/Transmutation            4
   e - Blade Hands                    Transmutation                5
Comestibles
 c - 10 rations


   Skills:
 - Level 1.0 Fighting
 + Level 3.1 Dodging
 * Level 4.6 Unarmed Combat
 + Level 2.9 Spellcasting
 + Level 3.1 Transmutations


You had 3 spell levels left.
You knew the following spells:

 Your Spells              Type           Power        Failure   Level  Hunger
a - Beastly Appendage     Tmut           ##....       16%         1    #......
b - Sticks to Snakes      Tmut           ##......     21%         2    ##.....
c - Spider Form           Tmut/Pois      #.........   52%         3    ###....


Dungeon Overview and Level Annotations

Branches:
Dungeon (3/15)

Altars:


Innate Abilities, Weirdness & Mutations

You cannot wear most types of armour.
You are very stealthy in the water. (Stealth+)
((You are amphibious.))
You can wear up to eight rings at the same time.
((You can use your tentacles to constrict eight enemies at once.))
((Your skin changes colour to match your surroundings (Stealth+).))
((Your rubbery body absorbs attacks. (AC +1, EV +1)))


Message History

You feel very sick. The bat misses you. The bat completely misses you.
You hit the bat.
The bat is poisoned.
The bat is moderately wounded.
You feel sick. The bat closely misses you.
You hit the bat.
You kill the bat!
You feel sick.
You feel sick. The orc closely misses you. The orc hits you.
* * * LOW HITPOINT WARNING * * *
Things that are here:
a hand axe of venom; an orc corpse You barely miss the orc.
* * * LOW HITPOINT WARNING * * *
You feel sick.
The orc hits you from afar with a trident!
* * * LOW HITPOINT WARNING * * *
You hit the orc.
The orc is poisoned.
The orc is almost dead.
You die...

#..# .# #.. ..# # #.. ..
.. #.... ... ##.#) .. ....
..$ .# #.## ..... #.# .#
#..... .##...####.##..#
...... .....oos......>#
#.#.##
.##..o####.###.###### #.#
.# ......####...........
#.....
...................# #
#(....
......#######...##[.
#.#..#.# ###.#.# #...#
#.#..#.### #.#.#######...#
......... ..............#
..#..#.#####.#...........#


You could see 3 orcs.

Vanquished Creatures
  A gnoll (D:2)
  3 adders (D:2)
  2 oozes
  An adder skeleton (D:2)
  2 dart slugs
  2 leopard geckos (D:2)
  2 orcs (D:3)
  3 giant cockroaches (D:2)
  5 hobgoblins
  A jackal (D:2)
  4 kobolds
  3 quokkas (D:2)
  A ball python (D:1)
  5 bats
  3 frilled lizards
  5 goblins
  4 rats
47 creatures vanquished.

Vanquished Creatures (collateral kills)
  The ghost of peaced01 the Firebug, an amateur DrFE (D:3)
1 creature vanquished.

Grand Total: 48 creatures vanquished

Notes
Turn   | Place    | Note
-------+----------+-------------------------------------------
     0 | D:1      | prawnwizard the Octopode Transmuter began the quest for the Orb.
     0 | D:1      | Reached XP level 1. HP: 13/13 MP: 3/3
   413 | D:1      | Reached XP level 2. HP: 18/18 MP: 5/5
  1320 | D:2      | Reached XP level 3. HP: 21/23 MP: 6/6
  1936 | D:2      | Reached XP level 4. HP: 21/28 MP: 7/7
  2350 | D:2      | Reached skill level 4 in Unarmed Combat
  2718 | D:3      | Noticed peaced01's ghost (amateur DrFE)
  2922 | D:3      | Learned a level 2 spell: Sticks to Snakes
  2926 | D:3      | Learned a level 3 spell: Spider Form
  2945 | D:3      | Killed peaced01's ghost
  2945 | D:3      | Reached XP level 5. HP: 22/33 MP: 1/9
  3092 | D:3      | HP: 1/33 [orc/trident (7)]
  3093 | D:3      | Succumbed to an orc's poison

Skill      XL: |  1  2  3  4 |
---------------+-------------+-----
Unarmed Combat | 4 |  4.6
Dodging        | 3 |  3.1
Transmutations | 3 |  3.1
Fighting       | |  1.0
Spellcasting   | |  2.9

Action                   |  1- 3 |  4- 6 || total
-------------------------+-------+-------++-------
Melee: Unarmed           |    72 |    67 ||   139
       Constrict         |    20 |     7 ||    27
       Tentacles         |    12 |     9 ||    21
       Kick              |       |     7 ||     7
 Cast: Beastly Appendage |     2 |     3 ||     5
       Spider Form       |       |     2 ||     2
       Sticks to Snakes  |       |     1 ||     1
 Stab: Sleeping          |     5 |     2 ||     7
  Eat: Chunk             |     1 |     2 ||     3
       Ration            |     1 |       ||     1
Armor: Skin              |     6 |     5 ||    11
Dodge: Dodged            |    35 |    46 ||    81
